 Dungeon Crawl Stone Soup version 0.14-a0-3109-ga7442b6 (webtiles) character file.

157 Kae the Chopper (level 4, -1/39 HPs)
             Began as a Hill Orc Fighter on Mar 7, 2014.
             Slain by a hound (4 damage)
             ... on Level 3 of the Dungeon.
             The game lasted 00:01:23 (1734 turns).

Kae the Chopper (Hill Orc Fighter)                  Turns: 1734, Time: 00:01:23

HP  -1/39        AC  6     Str 19      XL: 4   Next: 24%
MP   4/4         EV  6     Int  8      God:
Gold 86          SH 18     Dex 10      Spells:  0 memorised,  3 levels left

rFire  . . .     SeeInvis .     a - +0 war axe
rCold  . . .     Clarity  .     b - +0 scale mail
rNeg   . . .     Conserve .     c - +0 shield
rPois  .         rCorr    .     (no helmet)
rElec  .         rRot     .     (no cloak)
SustAb . .       Spirit   .     (no gloves)
rMut   .         Warding  .     (no boots)
Saprov + . .     Stasis   .     (no amulet)
MR     .....                    (no ring)
                                (no ring)

@: lethally poisoned, not resistant to hostile enchantments, extremely
unstealthy
A: saprovore 1
a: no special abilities


You were on level 3 of the Dungeon.
You were not hungry.

You visited 1 branch of the dungeon, and saw 3 of its levels.

You collected 86 gold pieces.

Inventory:

Hand weapons
 a - a +0,+0 war axe (weapon)
Armour
 b - a +0 scale mail (worn)
 c - a +0 shield (worn)
Magical devices
 y - a wand of confusion (8) {unknown}
 z - a wand of fireball (6) {unknown}
Comestibles
 d - a meat ration
 f - a pear
 j - 5 bread rations
 k - a choko
 A - a rotting chunk of orc flesh
 B - a chunk of bat flesh
Scrolls
 e - a scroll of fear {unknown}
 g - a scroll of enchant weapon I {unknown}
 i - a scroll of random uselessness {unknown}
 o - a scroll of immolation {unknown}
 r - 3 scrolls of enchant armour {unknown}
 t - 2 scrolls of remove curse {unknown}
 u - a scroll of teleportation {unknown}
 w - a scroll of fog {unknown}
 x - 2 scrolls of identify {unknown}
Jewellery
 q - an uncursed ring of magical power {unknown}
Potions
 h - a potion of resistance {unknown}
 l - a potion of invisibility {unknown}
 m - a potion of brilliance {unknown}
 n - a potion of porridge
 p - 2 potions of heal wounds {unknown}
 s - a potion of might {unknown}
 v - a potion of poison


   Skills:
 - Level 3.6 Fighting
 + Level 5.8 Axes
 - Level 3.2 Armour
 - Level 3.2 Shields


You had 3 spell levels left.
You didn't know any spells.

Dungeon Overview and Level Annotations

Branches:
Dungeon (3/16)

Altars:


Innate Abilities, Weirdness & Mutations

You can tolerate rotten meat.


Message History

The hound is severely wounded.
The hound barely misses you.
Your shield and scale mail prevent you from hitting the hound.
The hound is severely wounded.
You block the hound's attack. The hound bites you.
* * * LOW HITPOINT WARNING * * *
You closely miss the hound.
The hound is severely wounded.
The hound barely misses you. The hound bites you.
* * * LOW HITPOINT WARNING * * *
You closely miss the hound.
The hound is severely wounded.
You block the hound's attack. The hound bites you but does no damage.
Drink which item? (? for menu, Esc to quit)
That liquid tasted very nasty...
You are lethally poisoned!
It was a potion of poison.
* * * LOW HITPOINT WARNING * * *
You feel sick. The hound bites you.
You die...

#.. ####.########.#. #...
#.......# ###. #...
#.......# #####.
###...######...%...# #.....
...........#.......###.....
............#.......#.......
..........gl#.......#.#.....
####...####h#......(#.#.....
#.. #@####.####.#####. #.
#.# #.####.#..... # #.#
#......#.#.## #.#
######.#....#
#####[#########.......
#..................<..
####.############(.... ###
#.....# ##.... #.# #.##..#
#..##


You could see a hound, a hobgoblin and a giant newt.

Vanquished Creatures
  An adder (D:2)
  A giant mite (D:2)
  A giant gecko (D:3)
  9 orcs (D:3)
  3 goblins
  3 hobgoblins (D:2)
  2 kobolds
  A quokka (D:3)
  2 ball pythons
  10 bats
  3 giant cockroaches (D:1)
  7 giant newts
  3 rats
46 creatures vanquished.

Notes
Turn   | Place    | Note
--------------------------------------------------------------
     0 | D:1      | Kae, the Hill Orc Fighter, began the quest for the Orb.
     0 | D:1      | Reached XP level 1. HP: 19/19 MP: 1/1
   321 | D:1      | Reached XP level 2. HP: 26/26 MP: 2/2
   765 | D:2      | Reached skill level 4 in Axes
   913 | D:2      | Reached XP level 3. HP: 23/31 MP: 3/3
  1034 | D:2      | Reached skill level 5 in Axes
  1438 | D:3      | Reached XP level 4. HP: 25/39 MP: 4/4
  1734 | D:3      | Slain by a hound

Action                   |  1- 3 |  4- 6 || total
-------------------------+-------+-------++-------
Melee: War axe           |    93 |    56 ||   149
  Use: Potion            |       |     1 ||     1
